[Event "Early-Titled-Tuesday-Blitz-April-16-2024"]
[Site "Chess.com"]
[Date "2024.04.16"]
[Round "5"]
[White "AmanteDeMoi"]
[Black "GreenPeach24"]
[Result "1-0"]
[WhiteElo "2605"]
[BlackElo "2445"]
[TimeControl "180+1"]
[EndTime "8:56:32 PDT"]
[Termination "AmanteDeMoi won by resignation"]

1. Nf3 Nf6 2. e3 d5 3. b3 e6 4. Bb2 Be7 5. Be2 O-O 6. O-O c5 7. c4 Nc6 8. cxd5 exd5 9. d4 Bg4 10. dxc5 Bxc5 11. h3 Bh5 12. Nc3 Re8 13. Rc1 Bf8 14. Nd4 Bxe2 15. Ncxe2 Ne5 16. Nf4 a6 17. Nf3 Bd6 18.
Kh1 Qa5 19. a3 Nxf3 20. Qxf3 Qb5 21. Bxf6 gxf6 22. Nxd5 Be5 23. Nxf6+ Bxf6 24. Qxf6 Rac8 25. b4 Qd3 26. Qb2 Qe4 27. Rxc8 Rxc8 28. Rc1 Rd8 29. Qe2 Rd3 30. Rc8+ Kg7 31. Qb2+ f6 32. Rc7+ Kg6 33.
Qe2 h5 34. Re7 Qd5 35. e4 Rd1+ 36. Kh2 Qd6+ 37. e5 Qxe7 38. Qxd1 Qe6 39. Qd3+ f5 40. f4 h4 41. Qd6 Qxd6 42. exd6 Kf6 43. g4 Ke6 44. g5 Kxd6 45. Kg2 Ke7 46. Kf2 1-0

[Event "Early-Titled-Tuesday-Blitz-April-16-2024"]
[Site "Chess.com"]
[Date "2024.04.16"]
[Round "5"]
[White "cansun"]
[Black "aljado"]
[Result "1-0"]
[WhiteElo "2393"]
[BlackElo "2138"]
[TimeControl "180+1"]
[EndTime "8:56:33 PDT"]
[Termination "cansun won on time"]

1. d4 Nf6 2. c4 c5 3. d5 b5 4. cxb5 a6 5. f3 axb5 6. e4 d6 7. Bxb5+ Bd7 8. Na3 g6 9. Ne2 Bg7 10. O-O O-O 11. Bxd7 Nbxd7 12. Nb5 Qb6 13. Nec3 Rfb8 14. Qc2 Qa5 15. a4 Nb6 16. Bg5 Qb4 17. Nc7 Ra7 18. N7b5 Raa8 19. Ra3 h6 20. Be3 Nc4 21.
Bd2 Nxa3 22. bxa3 Qc4 23. Rc1 Nd7 24. Nc7 Ra7 25. N7b5 Rab7 26. Kf2 Ne5 27. Ke3 h5 28. h3 Bh6+ 29. Kf2 Nd3+ 30. Kg1 Nxc1 31. Bxh6 Nd3 32. Qd2 Ne5 33. f4 Nd3 34. f5 Ne5 35. fxg6 fxg6 36.
Qg5 Kh7 37. Qf4 Qd3 38. Kh2 Re8 39. Bg5 Rbb8 40. a5 1-0

[Event "Early-Titled-Tuesday-Blitz-April-16-2024"]
[Site "Chess.com"]
[Date "2024.04.16"]
[Round "5"]
[White "FuenfgegenWilly"]
[Black "Let_it_be_1"]
[Result "1-0"]
[WhiteElo "2453"]
[BlackElo "2583"]
[TimeControl "180+1"]
[EndTime "8:56:34 PDT"]
[Termination "FuenfgegenWilly won on time"]

1. d4 d5 2. c4 e6 3. Nc3 Be7 4. Qc2 Nf6 5. cxd5 exd5 6. Bg5 c6 7. e3 Nbd7 8. Bd3 O-O 9. h3 Re8 10. Bf4 Nf8 11. Nf3 Ng6 12. Bh2 Bd6 13. Bxd6 Qxd6 14.
O-O-O Qe7 15. Kb1 Ne4 16. Bxe4 dxe4 17. Nd2 f5 18. d5 Ne5 19. Qb3 Qf7 20. Nc4 cxd5 21.
Nxd5 Nxc4 22. Qxc4 Be6 23. Rd4 Rac8 24. Qb3 Rc5 25.
Rhd1 h6 26. R1d2 Kh8 27. Qd1 b5 28. g4 fxg4 29. hxg4 a5 30. Rxe4 Rec8 31. Red4 Rc1+ 32. Qxc1 Rxc1+ 33. Kxc1 Bxg4 34. Rxg4 Qf3 35. Rgd4 b4 36. b3 Kh7 37. Kb2 Qf5 38. Rf4 Qe5+ 39. Rdd4 Qd6 40. Rd2 Qc5 41. Rc4 Qf8 42. e4 Qd8 43. Rcd4 Qg5 44. f4 Qg3 45. e5 Qc3+ 46. Nxc3 1-0

[Event "Early-Titled-Tuesday-Blitz-April-16-2024"]
[Site "Chess.com"]
[Date "2024.04.16"]
[Round "5"]
[White "schachlana"]
[Black "JonSnowNW1"]
[Result "0-1"]
[WhiteElo "2301"]
[BlackElo "2543"]
[TimeControl "180+1"]
[EndTime "8:56:34 PDT"]
[Termination "JonSnowNW1 won by checkmate"]

1. e4 c5 2. Nf3 d6 3. d4 cxd4 4. Qxd4 a6 5. c4 Nc6 6. Qe3 g6 7.
h3 Bg7 8. Nc3 Nf6 9. Be2 O-O 10.
O-O Nd7 11. Rd1 Nc5 12. Rb1 e5 13. Nd5 Ne6 14. b3 f5 15. Ba3 fxe4 16. Qxe4 Ned4 17. Nxd4 Nxd4 18. Bg4 Bf5 19. Bxf5 gxf5 20. Qd3 e4 21. Qd2 f4 22. Bb2 Ne6 23. Bxg7 Kxg7 24. Re1 e3 25. fxe3 f3 26. gxf3 Ng5 27. Qd4+ Kg8 28.
Kh1 Rxf3 29. Qg4 h5 30. Qg2 Rxh3+ 31. Kg1 h4 32. Kf2 Rg3 33. Qh2 Qf8+ 34. Ke2 Qf3+ 35. Kd3 Qe4+ 36. Kc3 Qe5+ 37. Kb4 a5+ 38. Kb5 a4 39. Qxh4 Qe8+ 40. Kb4 Qd8 41. Qxg3 Qa5+ 42. Ka3 axb3+ 43. Kb2 Qxa2+ 44. Kc3 Qc2+ 45. Kd4 Qd2# 0-1

[Event "Early-Titled-Tuesday-Blitz-April-16-2024"]
[Site "Chess.com"]
[Date "2024.04.16"]
[Round "5"]
[White "martinmena"]
[Black "Payyappat"]
[Result "0-1"]
[WhiteElo "2164"]
[BlackElo "2534"]
[TimeControl "180+1"]
[EndTime "8:56:34 PDT"]
[Termination "Payyappat won by checkmate"]

1. c4 c5 2. g3 Nc6 3. Bg2 Nf6 4. Nc3 g6 5. e4 Bg7 6. d3 O-O 7.
Nge2 d6 8. O-O e5 9. h3 Nh5 10. Be3 f5 11. Qd2 f4 12. gxf4 Qh4 13. f5 Nf4 14. Nxf4 exf4 15. Bxf4 gxf5 16. Bxd6 Rf6 17. Bg3 Qh5 18. e5 Rg6 19. Nd5 Bh6 20. Qd1 Qxd1 21. Raxd1 f4 22. Nxf4 Bxf4 23. Bxf4 Bxh3 24. Bg3 Bxg2 25.
Kxg2 Nxe5 26. Rfe1 Nc6 27. Re4 Rd8 28. f4 Nd4 29.
Rf1 Nf5 30. Rf3 Nh4+ 31. Kf2 Nxf3 32. Kxf3 Rxd3+ 33. Ke2 Rdxg3 34. Re7 Rg2+ 35. Kf3 R6g3+ 36. Ke4 Re2+ 37. Kd5 Rxe7 38. f5 Rf3 39. f6 Rxf6 40.
b3 Rf5+ 41. Kd6 Kf7 42. b4 Re6+ 43. Kd7 Rff6 44. b5 Re7+ 45. Kc8 Rg6 46. Kd8 Rg8# 0-1

[Event "Early-Titled-Tuesday-Blitz-April-16-2024"]
[Site "Chess.com"]
[Date "2024.04.16"]
[Round "5"]
[White "Sanyura"]
[Black "emeli_chess"]
[Result "1/2-1/2"]
[WhiteElo "2599"]
[BlackElo "2467"]
[TimeControl "180+1"]
[EndTime "8:56:35 PDT"]
[Termination "Game drawn by repetition"]

1. Nf3 f5 2. g3 Nf6 3. Bg2 d6 4. O-O e5 5. c4 Be7 6. Nc3 O-O 7. d4 e4 8. Ng5 c6 9. d5 Na6 10. f3 exf3 11. exf3 Nxd5 12. cxd5 Bxg5 13. Bxg5 Qxg5 14. dxc6 bxc6 15. Qxd6 Qe3+ 16. Kh1 Qc5 17. Qxc5 Nxc5 18. f4 Bb7 19. Rfd1 Rad8 20. Kg1 Nd3 21. Rd2 Nb4 22.
Rad1 Nd5 23. Nxd5 cxd5 24. Bxd5+ Bxd5 25. Rxd5 Rxd5 26. Rxd5 g6 27. Kf2 Rc8 28. Rd2 Kf7 29. b4 Ke6 30. Ke3 Rc4 31. Rb2 Kd5 32. Kd3 Rc1 33. Re2 Rb1 34. Kc3 Kd6 35. Kc4 a6 36. a4 Rc1+ 37. Kb3 Rb1+ 38. Kc3 Ra1 39. Kb3 Rb1+ 40. Rb2 Rd1 41. b5 axb5 42. a5 Kc5 43. Rc2+ Kd6 44. Rc8 Ra1 45. Ra8 Kc5 46. Rc8+ Kd6 47.
Ra8 Kc5 48. Rc8+ Kd6 1/2-1/2

[Event "Early-Titled-Tuesday-Blitz-April-16-2024"]
[Site "Chess.com"]
[Date "2024.04.16"]
[Round "5"]
[White "ulises2013"]
[Black "Rud_Makarian"]
[Result "0-1"]
[WhiteElo "2707"]
[BlackElo "3015"]
[TimeControl "180+1"]
[EndTime "8:56:36 PDT"]
[Termination "Rud_Makarian won by resignation"]

1. e4 c5 2. g3 d5 3. exd5 Qxd5 4. Nf3 b6 5. Bg2 Bb7 6. O-O Nf6 7. Nc3 Qd8 8. d4 e6 9. dxc5 Qxd1 10. Rxd1 Bxc5 11.
Nb5 Na6 12. Nd6+ Bxd6 13. Rxd6 O-O 14. Bg5 Ne4 15. Rd4 Nac5 16. Be3 Rac8 17. c3 Nf6 18. Rad1 Nd5 19. Bc1 b5 20. Ne5 Rfd8 21. Nd3 Nxd3 22. R4xd3 a6 23. a3 h6 24. Bxd5 Bxd5 25. f3 f6 26. Kf2 Kf7 27. Be3 g5 28. Rd4 Rc4 29.
h4 Kg6 30. hxg5 hxg5 31. g4 Rh8 32. Kg3 a5 33. Bf2 a4 34. Be3 Rc7 35. Rxd5 exd5 36. Rxd5 Rch7 37. Bg1 Re7 38. Kf2 Rhe8 39. Rd2 Re1 40. Bh2 Rb1 41. Bc7 Ree1 42. Bb6 Kf7 43. Kg2 Ke6 44. Bd4 f5 45. gxf5+ Kxf5 46. Bf2 Red1 47.
Rc2 Ra1 48. Kg3 Rd3 49. Kg2 Rb1 50. Bg1 Rbd1 0-1

[Event "Early-Titled-Tuesday-Blitz-April-16-2024"]
[Site "Chess.com"]
[Date "2024.04.16"]
[Round "5"]
[White "Meri-Arabidze"]
[Black "snowlord"]
[Result "0-1"]
[WhiteElo "2696"]
[BlackElo "2957"]
[TimeControl "180+1"]
[EndTime "8:56:37 PDT"]
[Termination "snowlord won on time"]

1. Nf3 d5 2. b3 Bg4 3. Bb2 Bxf3 4.
exf3 e6 5. d4 g6 6. Bd3 Bg7 7. O-O c5 8. Bb5+ Nc6 9. c4 dxc4 10.
Qe2 cxd4 11. Qxc4 Ne7 12. Ba3 Rc8 13. Nd2 O-O 14. Ne4 d3 15. Rad1 Nd4 16. Qxd3 a6 17.
Nd6 Rc3 18. Qxc3 Ne2+ 19. Bxe2 Bxc3 20. Ne4 Nd5 21. Bxf8 Qxf8 22. Rxd5 exd5 23. Nxc3 Qc5 24. Na4 Qc2 25. Bd1 Qc6 26. b4 d4 27. Nc5 a5 28. a3 axb4 29. axb4 b6 30. Nb3 Qc3 31. b5 d3 32. g3 h5 33. h4 Kg7 34. Kg2 Qb4 35.
Nc1 Qc3 36. Nb3 Qc4 37. Re1 Qxb5 38. Re3 Qc4 39. Nd2 Qc1 40. Rxd3 Qxd1 41. f4 b5 42. Rd4 b4 43. Rxb4 Qxd2 0-1

[Event "Early-Titled-Tuesday-Blitz-April-16-2024"]
[Site "Chess.com"]
[Date "2024.04.16"]
[Round "5"]
[White "amanjazu"]
[Black "AradNazari"]
[Result "0-1"]
[WhiteElo "2530"]
[BlackElo "2704"]
[TimeControl "180+1"]
[EndTime "8:56:37 PDT"]
[Termination "AradNazari won by resignation"]

1. g3 d5 2. f4 Nh6 3. Nf3 g6 4. Bg2 Bg7 5. d4 O-O 6. O-O Nf5 7. c3 h5 8. Ne5 Nc6 9. e4 dxe4 10. Bxe4 Nxe5 11.
fxe5 c5 12. Bxf5 Bxf5 13. Rxf5 gxf5 14. Be3 cxd4 15. cxd4 Bxe5 16. Nc3 Bg7 17. Qxh5 e6 18. Rf1 Bxd4 19. Bxd4 Qxd4+ 20. Kg2 Qf6 21. Nd5 Qd8 22. Nf4 Kg7 23. Rd1 Qf6 24. Qe2 Kh7 25.
Rd7 e5 26. Nd5 Qe6 27. Qh5+ Kg7 28. Qg5+ Qg6 29. Qe3 Rad8 30. Qxe5+ Kh6 31. Qf4+ Kh7 32. Qh4+ Qh6 33. Nf6+ Kg6 34. Qxh6+ Kxh6 35. Kf3 Rxd7 36. Nxd7 Rc8 37. Ne5 Rc2 38. Nxf7+ Kg7 39. Nd6 Rxb2 40. Nxf5+ Kf6 41. Nh4 Rxh2 42. a4 Ra2 43. Ng2 Rxa4 0-1

[Event "Early-Titled-Tuesday-Blitz-April-16-2024"]
[Site "Chess.com"]
[Date "2024.04.16"]
[Round "5"]
[White "laiciffOneslraCsungaM"]
[Black "tarno17"]
[Result "1-0"]
[WhiteElo "2328"]
[BlackElo "2119"]
[TimeControl "180+1"]
[EndTime "8:56:37 PDT"]
[Termination "laiciffOneslraCsungaM won by checkmate"]

1. d4 d5 2. Nf3 Nf6 3. c4 e6 4. Nc3 Be7 5. Bf4 O-O 6. e3 b6 7. Bd3 Bb7 8. O-O Nbd7 9. Rc1 c5 10. h3 Ne4 11. Qc2 Ndf6 12. Rfd1 cxd4 13. Nxd4 Nxc3 14. Qxc3 Rc8 15. Qe1 Nd7 16. Nb5 a6 17. Nd6 Bxd6 18.
Bxd6 Re8 19. cxd5 Bxd5 20. Bxa6 Rxc1 21. Rxc1 Nf6 22. Bc7 Qa8 23. Bf1 Qxa2 24. Qb4 h6 25. Qxb6 Ne4 26. Qb4 Qa8 27. Be5 Ng5 28. Qg4 Be4 29.
h4 Bf5 30. Qg3 Qe4 31. hxg5 hxg5 32. Bc3 f6 33. Qf3 Qa4 34. Bd4 e5 35. Qd5+ Kh7 36.
Bc3 Be4 37. Bd3 f5 38. Bxe4 fxe4 39. Bxe5 Qa7 40. Bd4 Qe7 41. Qc6 Rd8 42. Qc7 Rd7 43. Qh2+ Kg8 44. Rc8+ Kf7 45. Qh5+ Ke6 46. Qg6+ Kd5 47.
Qf5+ Kd6 48. Bc5# 1-0

[Event "Early-Titled-Tuesday-Blitz-April-16-2024"]
[Site "Chess.com"]
[Date "2024.04.16"]
[Round "5"]
[White "KorolDimitriy75"]
[Black "ural58"]
[Result "1/2-1/2"]
[WhiteElo "2313"]
[BlackElo "2467"]
[TimeControl "180+1"]
[EndTime "8:56:38 PDT"]
[Termination "Game drawn - insufficient material"]

1. d4 d5 2. c4 e5 3. Nc3 exd4 4. Qxd4 Nc6 5. Qxd5 Be6 6. Qb5 a6 7. Qa4 Bb4 8. Bd2 Bxc4 9. O-O-O Qe7 10. Nf3 O-O-O 11.
e3 Bxf1 12. Rhxf1 Nf6 13. a3 Bd6 14. h3 Rhe8 15. Rfe1 Ne5 16. Nxe5 Bxe5 17. e4 Bxc3 18. Bxc3 Rxd1+ 19. Qxd1 Nxe4 20. Qg4+ Kb8 21. f3 Qc5 22. Rxe4 Rd8 23. Rd4 Re8 24. Kc2 g6 25. Qf4 f5 26. Rd2 Re6 27. Qd4 Qc6 28. Qd5 Qb6 29. Qd8+ Ka7 30. Bd4 c5 31. Qxb6+ Kxb6 32. Bc3 Kc6 33.
b3 b5 34. Kd3 Re1 35. Re2 Rd1+ 36. Kc2 Rg1 37. Be5 g5 38. g3 a5 39. f4 Rxg3 40.
fxg5 Rxg5 41. Bc3 b4 42. axb4 axb4 43. Bd2 Rg3 44. Re3 Rg2 45. Rf3 Rh2 46. Rxf5 Rxh3 47. Rf6+ Kb5 48. Rh6 Rxh6 49. Bxh6 c4 50. bxc4+ Kxc4 51. Kb2 Kd5 52. Bg5 Kc6 53. Kb3 Kb7 54. Bd2 Ka8 55. Kxb4 Kb7 56. Kc4 Ka8 57. Kd5 Kb7 58.
Ke4 Ka8 59. Kf5 Kb7 60. Kg5 Ka8 61. Kh6 Kb7 62. Kxh7 1/2-1/2

[Event "Early-Titled-Tuesday-Blitz-April-16-2024"]
[Site "Chess.com"]
[Date "2024.04.16"]
[Round "5"]
[White "Susal_De_Silva"]
[Black "TigrVShlyape"]
[Result "1/2-1/2"]
[WhiteElo "2692"]
[BlackElo "2934"]
[TimeControl "180+1"]
[EndTime "8:56:39 PDT"]
[Termination "Game drawn by repetition"]

1. e4 c5 2. c3 d5 3. exd5 Qxd5 4. d4 Nf6 5. Nf3 Nc6 6. dxc5 Qxc5 7. Be3 Qd5 8. Nd4 Nxd4 9. Qxd4 e5 10. Qd2 Bf5 11. Bg5 Be7 12. Qxd5 Nxd5 13. Bb5+ Kf8 14. Bxe7+ Kxe7 15. Nd2 Rhd8 16. g3 Rac8 17. Be2 Nb6 18. Bf3 Na4 19.
Bxb7 Rc7 20. Be4 Bxe4 21. Nxe4 Nxb2 22. O-O f5 23. Ng5 h6 24. Nf3 Kf6 25. Rab1 Na4 26.
Rb5 e4 27. Nd4 g6 28. Ra5 Nxc3 29. Ra6+ Kf7 30. Ne6 Rdd7 31. Nxc7 Rxc7 32. Kg2 e3 33. fxe3 Re7 34. g4 Nd5 35. gxf5 Nxe3+ 36. Kf2 Nxf1 37. fxg6+ Kg7 38. Kxf1 Rb7 39. h4 h5 40. Kf2 Rb4 41. Kg3 Rg4+ 42. Kh3 Rxg6 43. Rxa7+ Kh6 44. a4 Rc6 45. a5 Rc3+ 46. Kg2 Rc4 47. Kg3 Rc3+ 48. Kg2 Rc4 49. Kg3 Rc3+ 50. Kg2 1/2-1/2

[Event "Early-Titled-Tuesday-Blitz-April-16-2024"]
[Site "Chess.com"]
[Date "2024.04.16"]
[Round "5"]
[White "AlmasRakhmatullaev"]
[Black "SahibSinghKnight"]
[Result "1-0"]
[WhiteElo "2864"]
[BlackElo "2629"]
[TimeControl "180+1"]
[EndTime "8:56:39 PDT"]
[Termination "AlmasRakhmatullaev won by resignation"]

1. e4 e6 2. d4 d5 3. Nc3 Nf6 4. Bg5 Bb4 5. e5 h6 6. Bc1 Ne4 7. Qg4 g6 8. a3 Bxc3+ 9. bxc3 c5 10. Ne2 cxd4 11. cxd4 Qa5+ 12. c3 Nc6 13. f3 Nxd4 14. fxe4 Nc2+ 15. Kf2 Qc5+ 16. Kg3 Nxa1 17. Qf3 h5 18. h4 Bd7 19. Bg5 f5 20. exf5 O-O 21.
f6 Nb3 22. Qd3 Kf7 23. Nf4 Rg8 24. Be2 d4 25. c4 Qxe5 26. Qxb3 Bc6 27. Bf3 Bxf3 28.
Qxf3 Qc7 29. Qe4 Rae8 30. Re1 Qc6 31. Qxc6 bxc6 32. Nd3 Rgf8 33. Ne5+ Kg8 34. Nxg6 Rf7 35. Ne5 Rc7 36. Rf1 Rf8 37. Bh6 Rff7 38. Nxf7 Kxf7 39.
Kf4 Rd7 40. Ke4 c5 41. Bg5 d3 42. Be3 d2 43. Rd1 Kxf6 44. Rxd2 Rc7 45. Rd6 Ke7 46. Ra6 Kd7 47. Bf4 Rb7 48. Rd6+ Ke7 49. Rc6 Rb1 50. Rxc5 Kf6 51. Bg5+ Kg6 52. Ra5 Re1+ 53. Kf3 e5 54.
Ra6+ Kf7 55. Rxa7+ Ke6 56. Ra6+ Kd7 57. c5 e4+ 58.
Kf2 Rd1 59. Rd6+ Rxd6 60. cxd6 Kxd6 61. Ke3 Ke5 62. a4 Kd5 63. a5 1-0

[Event "Early-Titled-Tuesday-Blitz-April-16-2024"]
[Site "Chess.com"]
[Date "2024.04.16"]
[Round "5"]
[White "M1711"]
[Black "B_nn_t"]
[Result "0-1"]
[WhiteElo "2690"]
[BlackElo "2554"]
[TimeControl "180+1"]
[EndTime "8:56:39 PDT"]
[Termination "B_nn_t won by checkmate"]

1. e4 c5 2. Nf3 d6 3. d4 cxd4 4.
Nxd4 Nf6 5. Nc3 Nc6 6. Bc4 e6 7. Be3 a6 8. Qe2 Bd7 9. O-O-O Rc8 10. Bb3 Na5 11. Kb1 Be7 12. f3 O-O 13. g4 b5 14.
h4 Nc4 15. Bxc4 Rxc4 16. Qd2 Ne8 17. g5 b4 18. Nce2 d5 19. e5 f6 20. gxf6 gxf6 21. Bh6 fxe5 22. Rhg1+ Kh8 23. Bxf8 Bxf8 24. Nb3 Qxh4 25.
Rh1 Qe7 26. Rdg1 Bg7 27. f4 e4 28. f5 Qf6 29. Qc1 exf5 30. Nf4 Qf7 31. Ng6+ Kg8 32. Ne5 Qe7 33. Nxd7 Qxd7 34. Qg5 d4 35. Qh5 Nf6 36. Qe2 Rc6 37. Qd2 Rd6 38. Qxb4 d3 39. cxd3 exd3 40.
Qb8+ Kf7 41. Qb4 d2 42. Qc4+ Kf8 43. Rd1 a5 44. Rh2 Ne4 45. Re2 a4 46. Nc5 Qe7 47.
Nxe4 fxe4 48. Rxe4 Qf6 49. Rf1 d1=Q+ 50. Rxd1 Rxd1+ 51.
Kc2 Rd8 52. Qc5+ Qd6 53. Qc4 Qh2+ 54. Kc1 Qxb2# 0-1

[Event "Early-Titled-Tuesday-Blitz-April-16-2024"]
[Site "Chess.com"]
[Date "2024.04.16"]
[Round "5"]
[White "KubaGepard"]
[Black "JSPrepz"]
[Result "0-1"]
[WhiteElo "2588"]
[BlackElo "2824"]
[TimeControl "180+1"]
[EndTime "8:56:41 PDT"]
[Termination "JSPrepz won by checkmate"]

1. d4 Nf6 2. Nf3 c5 3. d5 b5 4.
Bg5 g6 5. Bxf6 exf6 6. e4 b4 7. Nbd2 Bg7 8. Nc4 d6 9. Bd3 O-O 10. O-O Re8 11. h3 Qc7 12. a3 Nd7 13. Qd2 a5 14. a4 Ne5 15. Qe2 Nxc4 16. Bxc4 f5 17. Rae1 fxe4 18. Ng5 Bxb2 19. Nxe4 Bf5 20. Qf3 Kg7 21. g4 Bxe4 22. Rxe4 Bc3 23. Rd1 Rxe4 24. Qxe4 Qd8 25. Bb5 Qh4 26. Rd3 Ra7 27. Qf4 Be5 28. Qf3 Bd4 29. Qf4 Be5 30. Qf3 Re7 31. Re3 Qg5 32. Kg2 h5 33. Kf1 hxg4 34. Qxg4 Qh6 35. Bd3 Rc7 36. Kg2 Rb7 37. Bc4 Rc7 38. Qf3 Qg5+ 39.
Qg4 Qd8 40. Qe2 Re7 41. f4 Bf6 42. Rxe7 Bxe7 43. Bb5 Bf6 44. Kf3 Qc8 45. Kg2 Qf5 46.
Qd2 Bc3 47. Qe3 Qxc2+ 48. Kg3 Qf5 49. Bc4 Qf6 50. Qf3 Qd4 51. Qe2 Bd2 52. Qf1 Qc3+ 53. Kg4 f5+ 54. Kh4 Be1+ 55. Kg5 Qg3# 0-1

[Event "Early-Titled-Tuesday-Blitz-April-16-2024"]
[Site "Chess.com"]
[Date "2024.04.16"]
[Round "5"]
[White "a-z30"]
[Black "SoCalJuniorChess"]
[Result "1-0"]
[WhiteElo "2393"]
[BlackElo "2195"]
[TimeControl "180+1"]
[EndTime "8:56:41 PDT"]
[Termination "a-z30 won on time"]

1. c4 e5 2. e3 Nf6 3. Nc3 d5 4. cxd5 Nxd5 5. Nf3 Nc6 6. Bb5 Bg4 7. Qa4 Nxc3 8. Bxc6+ bxc6 9. Qxg4 Nd5 10. Nxe5 Qd6 11. Nc4 Qb4 12. O-O f5 13. Qe2 Be7 14. d4 O-O 15.
Bd2 Qb5 16. Rfc1 Rab8 17. Qf1 Bf6 18. b3 c5 19. Ne5 Qe8 20. Rxc5 Bxe5 21. Rxd5 Bd6 22.
g3 Qe4 23. Qc4 Kh8 24. Rb5 Rbe8 25. Rc1 Rf6 26. Qc6 Qe7 27. Qc4 Rh6 28. Bb4 Qg5 29. Bxd6 Qh5 30. h4 cxd6 31. Qc8 Rf6 32. Qd7 Rff8 33.
Rc7 Rg8 34. Rbb7 Qd1+ 35. Kg2 Qd3 36. Qc6 Qd2 37. Qf3 Qd3 38. Re7 Rd8 39. Rbd7 Rc8 40. Rxa7 Rb8 41. Rab7 Rbc8 42. Rec7 Rcd8 43. b4 Rde8 44. b5 Qa3 45. b6 Qxa2 46. Re7 Qa6 47. Rxe8 Rxe8 48. Qc6 Rg8 49. Ra7 Qd3 50. Ra8 1-0

[Event "Early-Titled-Tuesday-Blitz-April-16-2024"]
[Site "Chess.com"]
[Date "2024.04.16"]
[Round "5"]
[White "LuisFSiles"]
[Black "chezzgirl04"]
[Result "0-1"]
[WhiteElo "2358"]
[BlackElo "2170"]
[TimeControl "180+1"]
[EndTime "8:56:42 PDT"]
[Termination "chezzgirl04 won on time"]

1. e4 e5 2. Nf3 Nc6 3. Nc3 Nf6 4. Bc4 Bc5 5. d3 O-O 6. h3 d6 7. Bg5 Be6 8. a3 h6 9. Bh4 g5 10. Nxg5 hxg5 11. Bxg5 Nd4 12. Ne2 Bxc4 13. dxc4 Ne6 14. Bh4 Kg7 15. Qd3 Rh8 16. Qg3+ Kf8 17. Nc3 c6 18.
O-O-O Ng7 19. Rd3 Ngh5 20. Qg5 Rg8 21. Qh6+ Ke8 22. Rf3 Rg6 23. Qh8+ Kd7 24. g4 Qxh8 25. gxh5 Qxh5 26. Bxf6 Qh6+ 27. Kb1 Rxf6 28. Rd3 Rxf2 29. Rhd1 Kc7 30. b4 Bd4 31. Na4 Rg8 32. c3 Rgg2 33. cxd4 exd4 34. Rxd4 b5 35. cxb5 cxb5 36. Nc3 Rb2+ 37.
Ka1 Qe3 38. Nxb5+ Kb7 39. Nxd6+ Ka6 40. b5+ Ka5 41. Nc4+ Kxb5 0-1

[Event "Early-Titled-Tuesday-Blitz-April-16-2024"]
[Site "Chess.com"]
[Date "2024.04.16"]
[Round "5"]
[White "Louis-Paulsen-Fan"]
[Black "AlexanderKing"]
[Result "0-1"]
[WhiteElo "2359"]
[BlackElo "2579"]
[TimeControl "180+1"]
[EndTime "8:56:43 PDT"]
[Termination "AlexanderKing won by resignation"]

1. d4 d5 2. Nf3 c5 3. c4 e6 4. cxd5 exd5 5. Nc3 Nc6 6. g3 Nf6 7. Bg2 Be7 8. O-O O-O 9. dxc5 Bxc5 10. Bg5 d4 11.
Bxf6 Qxf6 12. Nd5 Qd8 13. Nd2 Re8 14. Rc1 Bf8 15. Nf4 Qb6 16. Nc4 Qa6 17. a3 Bf5 18.
Nd5 Rac8 19. e3 dxe3 20. Ncxe3 Bd3 21. Re1 Red8 22. Qg4 Bg6 23. h4 h5 24. Qg5 Nd4 25.
Rxc8 Rxc8 26. Nf4 Ne6 27. Qd5 Nxf4 28. gxf4 b6 29. f5 Bh7 30. Bf3 Qa5 31. Qxa5 bxa5 32.
Bxh5 Be7 33. Rd1 Bxh4 34. Rd7 Rf8 35. Rxa7 Bd8 36. Kg2 Bb6 37. Ra6 Bxe3 38. f3 Bc1 39.
b3 Bxa3 40. Rxa5 Bc1 41. Rc5 Bg5 42. Rc7 Bd8 43. Rd7 Bf6 44. Bg4 Rb8 45. Rc7 Kf8 46. Bh5 Bxf5 47. Rxf7+ Kg8 48. Ra7 Kh7 49. Kg3 Kh6 50.
Bg4 Bxg4 51. Kxg4 Rxb3 52. Ra8 Rb4+ 53. f4 Kg6 54. Ra6 Rd4 55. Rc6 Rd7 56. Ra6 Kf7 57. Rc6 Re7 58. Ra6 Kg6 59. Rc6 Re1 60. Ra6 Rg1+ 61. Kf3 Rb1 62. Kg4 Rg1+ 63. Kf3 Ra1 64.
Kg4 Rxa6 0-1

[Event "Early-Titled-Tuesday-Blitz-April-16-2024"]
[Site "Chess.com"]
[Date "2024.04.16"]
[Round "5"]
[White "Aragon"]
[Black "N_I_Chess"]
[Result "0-1"]
[WhiteElo "2048"]
[BlackElo "2390"]
[TimeControl "180+1"]
[EndTime "8:56:44 PDT"]
[Termination "N_I_Chess won on time"]

1. e4 Nf6 2. e5 Nd5 3. c4 Nb6 4. d4 d6 5. exd6 cxd6 6. Nc3 g6 7. Bd3 Bg7 8. Be3 O-O 9. Nge2 Nc6 10. d5 Ne5 11. b3 Nxd3+ 12. Qxd3 Bf5 13. Qd2 e5 14. Rc1 Rc8 15. O-O Nd7 16. Ng3 Nf6 17. Nxf5 gxf5 18.
f4 e4 19. Bxa7 Kh8 20. Bd4 Rg8 21. Nd1 b5 22. Ne3 bxc4 23. Nxf5 cxb3 24. Qb2 Nh5 25. Nxg7 Nxg7 26. Rxc8 Qxc8 27. axb3 Qf5 28. Rd1 h5 29. b4 Kh7 30. b5 Qxd5 31. b6 Rb8 32. Rb1 Nf5 33.
Bf6 e3 34. b7 e2 35. Qxe2 Rxb7 36. Rd1 Qc5+ 37. Kh1 Kg6 38. Ba1 Re7 39. Qf3 Qe3 40. Qf1 Qe2 41. Qg1 Re4 42. Rc1 f6 43. Bc3 d5 44.
Be1 d4 45. Bf2 d3 46. Re1 d2 0-1

[Event "Early-Titled-Tuesday-Blitz-April-16-2024"]
[Site "Chess.com"]
[Date "2024.04.16"]
[Round "5"]
[White "lefonghua"]
[Black "vasblesk"]
[Result "0-1"]
[WhiteElo "2591"]
[BlackElo "2825"]
[TimeControl "180+1"]
[EndTime "8:56:45 PDT"]
[Termination "vasblesk won by resignation"]

1. d4 d5 2. c4 c6 3. Nf3 Nf6 4. Nc3 e6 5. e3 Nbd7 6. Qc2 Bd6 7. b3 O-O 8. Be2 b6 9. Bb2 Bb7 10. O-O Qe7 11. Rad1 Rad8 12. Rfe1 Rfe8 13. e4 dxe4 14. Nxe4 Nxe4 15. Qxe4 f5 16. Qh4 Qxh4 17. Nxh4 g5 18. Nf3 g4 19. Ne5 Bb4 20. Nxd7 Rxd7 21. Rf1 Kf7 22.
a3 Be7 23. Rd3 Bf6 24. Rfd1 Red8 25. Bc3 c5 26. d5 exd5 27. cxd5 Bxc3 28. Rxc3 Kf6 29.
b4 cxb4 30. axb4 Bxd5 31. Ra1 Re7 32. Bf1 Rdd7 33. b5 Rc7 34. Rca3 h5 35. h4 f4 36. Rd1 Be4 37. Rda1 f3 38. g3 Bg6 39. Ra4 Be8 40. R4a3 Rc5 41. Rxa7 Rxa7 42. Rxa7 Bxb5 43. Bxb5 Rxb5 44. Rb7 Rb1+ 45. Kh2 Rb2 46. Kg1 b5 47. Rb6+ Ke5 48. Rh6 Rb1+ 49. Kh2 Rf1 50. Rxh5+ Kd4 51. Rxb5 Rxf2+ 52. Kh1 Rg2 53. Rb4+ Ke3 54. Re4+ Kxe4 0-1

[Event "Early-Titled-Tuesday-Blitz-April-16-2024"]
[Site "Chess.com"]
[Date "2024.04.16"]
[Round "5"]
[White "GelmanAlexander"]
[Black "AlainBruxelles"]
[Result "1-0"]
[WhiteElo "2662"]
[BlackElo "2342"]
[TimeControl "180+1"]
[EndTime "8:56:47 PDT"]
[Termination "GelmanAlexander won on time"]

1. c4 Nf6 2. Nf3 c5 3. d3 g6 4.
e3 Bg7 5. Be2 O-O 6. O-O d5 7.
cxd5 Nxd5 8. a3 Nc6 9. Qc2 b6 10. Nbd2 Bb7 11. Ne4 Rc8 12. Bd2 Qd7 13. Rac1 Rfd8 14.
Rfd1 Ne5 15. Ne1 Ng4 16. h3 Ngf6 17. Ng3 h5 18. Qb1 h4 19. Nf1 Qe6 20. Nh2 Qe5 21. Nhf3 Qh5 22. b4 cxb4 23. axb4 b5 24. d4 g5 25. Nd3 Nb6 26. Nc5 Bc6 27. Re1 Nc4 28. Bc3 Nd5 29. Ne5 Qh6 30. Nxc4 Nxc3 31. Rxc3 bxc4 32. Bxc4 g4 33. Qf5 gxh3 34. gxh3 Rf8 35. Kf1 e6 36. Qg4 Rcd8 37. Ke2 Qh7 38. Rg1 Kh8 39. Bd3 Qh6 40. Nxe6 fxe6 41. Rxc6 Rg8 42. Qg6 Qxg6 43. Rxg6 Rde8 44. Rcxe6 Rb8 45. Ra6 Rxb4 46.
Rxa7 Rb2+ 47. Kf3 Bf8 48. Rxg8+ Kxg8 49. Bf5 Bh6 50. Ra5 1-0

[Event "Early-Titled-Tuesday-Blitz-April-16-2024"]
[Site "Chess.com"]
[Date "2024.04.16"]
[Round "5"]
[White "UnTucopalaTimba"]
[Black "CristianS27"]
[Result "0-1"]
[WhiteElo "2029"]
[BlackElo "2532"]
[TimeControl "180+1"]
[EndTime "8:56:48 PDT"]
[Termination "CristianS27 won on time"]

1. e4 e5 2. Nf3 Nc6 3. Bb5 a6 4. Ba4 Nf6 5. O-O Nxe4 6. d4 b5 7. Bb3 d5 8. dxe5 Be6 9. Be3 Be7 10. c3 O-O 11. Nbd2 Bg4 12. Qb1 Nxd2 13. Nxd2 Nxe5 14. Bf4 Ng6 15. Bg3 c6 16. a4 Bc5 17. Bc2 f5 18.
h3 f4 19. Bh2 Bh5 20. b4 Bb6 21. Nb3 Qh4 22. Nd4 Rae8 23. axb5 axb5 24. Re1 Bxd4 25. cxd4 f3 26. Rxe8 Rxe8 27. Bg3 Qxd4 28. gxf3 Bxf3 29.
Bxg6 hxg6 30. Ra3 Bh5 31. Ra6 Qd2 32. Ra1 Bf3 33. Qc1 Qxc1+ 34. Rxc1 d4 35. Bf4 d3 36. Kf1 Re2 37. Rc3 Ra2 38. Ke1 d2+ 39. Bxd2 Ra1+ 40. Rc1 Ra2 41. h4 Kf7 42. Be3 Re2+ 43. Kf1 Rb2 44.
Bc5 Ke6 45. Re1+ Kf5 46. Re7 Kg4 0-1